 Dungeon Crawl Stone Soup version 0.28-a0-563-gf77a47075d (webtiles) character file.

Game seed: 217917403597276155

167 siradein the Sneak (level 5, -2/24 HPs)
             Began as a Spriggan Enchanter on Sept 30, 2021.
             Was an Initiate of Dithmenos.
             Succumbed to a kobold brigand's curare-tipped dart
             ... on level 4 of the Dungeon.
             The game lasted 00:11:44 (4799 turns).

siradein the Sneak (Spriggan Enchanter)             Turns: 4799, Time: 00:11:45

Health: -2/24      AC:  2    Str:  4    XL:     5   Next: 23%
Magic:  6/11       EV: 18    Int: 17    God:    Dithmenos [......]
Gold:   122        SH:  0    Dex: 16    Spells: 3/11 levels left

rFire   . . .      SeeInvis +   g - +0 hunting sling
rCold   . . .      Faith    .   (shield restricted)
rNeg    . . .      Spirit   .   b - +0 robe
rPois   .          Reflect  .   (helmet restricted)
rElec   .          Harm     .   (no cloak)
rCorr   +          Rampage  .   (gloves unavailable)
Will    .....                   (boots unavailable)
Stlth   +++.......              (no amulet)
HPRegen 0.08/turn               d - ring of resist corrosion
MPRegen 0.12/turn               (no ring)

@: lethally poisoned (-2 -> -13), attractive, slowed, quick
A: very small, no large weapons, unfitting armour, see invisible, speed 3
a: Renounce Religion


You were on level 4 of the Dungeon.
You worshipped Dithmenos.
Dithmenos was noncommittal.
You visited 1 branch of the dungeon, and saw 4 of its levels.

You collected 122 gold pieces.

Inventory:

Hand Weapons
 a - a +1 dagger
 g - a +0 hunting sling (weapon)
Missiles
 h - 26 sling bullets
 j - 58 stones (quivered ammo)
Armour
 b - a +0 robe (worn)
Jewellery
 d - a ring of resist corrosion (left hand)
Wands
 k - a wand of mindburst (11)
Scrolls
 e - a scroll of noise {unknown}
 i - 2 scrolls of identify {unknown}
 m - a scroll of teleportation {unknown}
Potions
 c - 3 potions of invisibility
 l - a potion of heal wounds {unknown}


   Skills:
 + Level 2.6 Short Blades
 + Level 4.0 Dodging
 + Level 5.7 Stealth
 + Level 3.8 Spellcasting
 + Level 4.5 Hexes


You had 3 spell levels left.
You knew the following spells:

 Your Spells              Type           Power      Damage    Failure   Level
a - Ensorcelled Hibernat  Hex/Ice        22%        N/A       10%         2
b - Tukima's Dance        Hex            18%        N/A       8%          3
c - Dazzling Flash        Conj/Hex       22%        N/A       19%         3

Your spell library contained the following spells:

 Spells                   Type           Power      Damage    Failure   Level
 Confusing Touch          Hex            18%        N/A       8%          3
 Passage of Golubria      Tloc           N/A        N/A       85%         4
 Yara's Violent Unravell  Hex/Tmut       5%         3d4       87%         5


Dungeon Overview and Level Annotations

Branches:
Dungeon (4/15)
 Temple: D:4-7

Altars:
Dithmenos

Shops:
D:2 **!(!

Annotations:
D:2 1 runed translucent door, Crazy Yiuf


Innate Abilities, Weirdness & Mutations

You are very small and have problems with some larger weapons.
You are too small for most types of armour.
You have supernaturally acute eyesight. (SInv)
You cover ground extremely quickly. (Speed+++)


Message History

Nothing appears to happen.
The kobold brigand throws a curare-tipped dart.
The curare-tipped dart misses you.
Casting: Ensorcelled Hibernation (safe; 10% risk of failure)
Confirm with . or Enter, or press ? or * to list all spells.
Aiming: Ensorcelled Hibernation (safe; 10% risk of failure)
Press: ? - help, Shift-Dir - straight line, f/p - kobold brigand
Aim: a kobold brigand, wielding a +1 vampiric short sword and quivering curare-tipped darts (chance to affect: 42%)
The kobold brigand looks drowsy...
a - a +1 dagger (weapon)
There is an open door here.
The helpless kobold brigand fails to defend itself.
You impale the kobold brigand!!
The kobold brigand is almost dead.
The kobold brigand hits you with a +1 vampiric short sword!
The kobold brigand draws strength from your wounds!
You hit the kobold brigand.
The kobold brigand is severely wounded.
The kobold brigand misses you.
Casting: Ensorcelled Hibernation (safe; 10% risk of failure)
Confirm with . or Enter, or press ? or * to list all spells.
Aiming: Ensorcelled Hibernation (safe; 10% risk of failure)
Press: ? - help, Shift-Dir - straight line, f/p - kobold brigand
Aim: a kobold brigand, wielding a +1 vampiric short sword and quivering curare-tipped darts (severely wounded, not susceptible)
The kobold brigand is unaffected.
The kobold brigand barely misses you.
g - a +0 hunting sling (weapon)
The kobold brigand throws a curare-tipped dart.
The curare-tipped dart completely misses you.
The kobold brigand throws a curare-tipped dart.
The curare-tipped dart hits you.
You are lethally poisoned!
You have difficulty breathing.
You feel yourself slow down.
Your magical contamination has completely faded away.
* * * LOW HITPOINT WARNING * * *
You feel very sick.
* * * LOW HITPOINT WARNING * * *
You feel sick.
It was a potion of attraction.
You feel attractive to monsters.
You die...

#..... . ..... #.
#..#############.
#.###..##...#.......#
#...........#.......#
#...........#<......+
#...........#.......#
#.###..####'#.......#
##.###.@###.......####
..........#.......#
..........#.......#
..........#.......#
.........K#.......#
#########'#.......#
.............####
.............#
..(........#.#


You could see a kobold brigand.

Vanquished Creatures
  A bullfrog (D:3)
  A howler monkey skeleton (D:4)
  2 adders (D:3)
  An adder skeleton (D:2)
  A dart slug (D:1)
  2 orcs (D:3)
  4 endoplasms
  2 giant cockroaches (D:1)
  2 goblins
  6 hobgoblins
  8 jackals
  7 kobolds
  2 quokkas
  6 ball pythons
  7 bats
  2 frilled lizards
  6 rats
60 creatures vanquished.

Notes
Turn   | Place    | Note
-------+----------+-------------------------------------------
     0 | D:1      | siradein the Spriggan Enchanter began the quest for the
                  | Orb.
     0 | D:1      | Reached XP level 1. HP: 9/9 MP: 5/5
   234 | D:1      | Reached XP level 2. HP: 13/13 MP: 6/6
   243 | D:1      | Learned a level 2 spell: Ensorcelled Hibernation
   862 | D:1      | Found a faded altar of an unknown god.
  1529 | D:2      | Found Amousch's Assorted Antiques.
  1542 | D:2      | Found Dacs's Antique Weapon Shoppe.
  1557 | D:2      | Found Vuaz's Distillery.
  1593 | D:2      | Reached XP level 3. HP: 6/16 MP: 8/8
  1820 | D:2      | Reached skill level 5 in Stealth
  2050 | D:2      | Found Luasucus's General Store.
  2535 | D:2      | Found Aruteheo's Distillery.
  2642 | D:2      | Found a runed translucent door.
  2643 | D:2      | Noticed Crazy Yiuf
  2781 | D:3      | Learned a level 3 spell: Tukima's Dance
  2785 | D:3      | Learned a level 3 spell: Dazzling Flash
  3934 | D:3      | Reached XP level 4. HP: 21/21 MP: 3/10
  4359 | D:3      | Noticed a bullfrog
  4364 | D:3      | Killed a bullfrog
  4365 | D:3      | Reached XP level 5. HP: 21/24 MP: 8/11
  4653 | D:3      | Found a shadowy altar of Dithmenos.
  4661 | D:3      | Became a worshipper of Dithmenos the Shadowed
  4799 | D:4      | Succumbed to a kobold brigand's curare-tipped dart

Illustrated notes

Levels and vault maps discovered:
D:1:      psy_arrival_fountain, layout_loops_corners,
          dreamdust_ecumenical_altar_angels_and_demons
D:2:      layout_rooms, serial_shops, shop_fountains, shop, shop,
          nicolae_lakefront_shop, nicolae_shop_statue_plus,
          uniq_crazy_yiuf_cottage
D:3:      layout_basic, mainiacjoe_overflow_alcove_2
D:4:      minmay_evil_eye, layout_gridville, minmay_temple_entry_sparse_star,
          cheibrodos_gnoll_hut

Skill      XL: |  1  2  3  4 |
---------------+-------------+-----
Dodging        | 3 4 |  4.0
Spellcasting   | 3 |  3.8
Hexes          | 4 |  4.5
Stealth        | 5 |  5.7
Short Blades   | 2 |  2.6

Action                   |  1- 3 |  4- 6 || total
-------------------------+-------+-------++-------
Melee: Dagger            |   260 |     8 ||   268
 Fire: Hunting sling     |       |    37 ||    37
 Cast: Ensorcelled Hiber |     3 |     5 ||     8
  Use: Potion            |       |     1 ||     1
 Stab: Sleeping          |    12 |     5 ||    17
Armor: Robe              |    26 |       ||    26
Dodge: Dodged            |   249 |    15 ||   264

Table legend: (Time is in decaauts)
 A = Elapsed time spent in this place.
 B = Non-inter-level travel time spent in this place.
 C = Inter-level travel time spent in this place.
 D = Time resting spent in this place.
 E = Time spent auto-exploring this place.
 F = Levels seen in this place.
 G = Mean time per level.
                   A        B        C        D        E       F      G
               +--------+--------+--------+--------+--------+-----+--------+
         Total |   3826 |   3768 |     58 |   1277 |   1678 |   4 |  956.5 |
       Dungeon |   3826 |   3768 |     58 |   1277 |   1678 |   4 |  956.5 |
               +--------+--------+--------+--------+--------+-----+--------+

Top non-repeatable levels by time:
     D:2: 1744 daAuts
     D:1: 1417 daAuts
     D:3: 634 daAuts
     D:4: 30 daAuts
